 Dungeon Crawl Stone Soup version 0.31-a0-175-g9f7f995f2b (webtiles) character file.

Game seed: 3911294413661930057

24160 qw the Skirmisher (level 13, -16/122 HPs)
             Began as a Naga Hunter on June 16, 2023.
             Was an Elder of Okawaru.
             Demolished by a death yak (19 damage)
             ... on level 5 of the Lair of Beasts.
             The game lasted 00:05:28 (12573 turns).

qw the Skirmisher (Naga Hunter)                    Turns: 12573, Time: 00:05:28

Health: -16/122    AC: 21    Str: 13    XL:     13   Next: 11%
Magic:  20/20      EV: 16    Int: 10    God:    Okawaru [****..]
Gold:   647        SH:  0    Dex: 26    Spells: 12/12 levels left

rFire   . . .        Y - +1 orcbow
rCold   . . .        (shield currently unavailable)
rNeg    . . .        a - +2 acid dragon scales
rPois   +            d - +1 helmet
rElec   .            m - scarf {repulsion}
rCorr   +            n - +0 pair of gloves of Melancholy {Slay+3}
SInv    +            e - +0 barding
Will    +....        (no amulet)
Stlth   ++++         k - +6 ring of dexterity
HPRegen 0.40/turn    (no ring)
MPRegen 0.17/turn

%: repel missiles
@: heroic, very slow
A: AC +4, large, see invisible, deformed body, poison resistance, slowness 2,
spit poison 1, naga tail 2
a: Spit Poison, Renounce Religion, Heroism, Finesse


You were on level 5 of the Lair of Beasts.
You worshipped Okawaru.
Okawaru was greatly pleased with you.
You visited 3 branches of the dungeon, and saw 13 of its levels.
You also visited: Ossuary.

You collected 647 gold pieces.


Innate Abilities, Weirdness & Mutations

Your serpentine skin is tough. (AC +4)
You have supernaturally acute eyesight. (SInv)
Armour fits poorly on your strangely shaped body.
Your system is resistant to poisons. (rPois)
You cover ground very slowly.
You can spit poison.
You can use your snake-like lower body to constrict enemies.


   Skills:
 + Level 9.7(14.7) Fighting
 - Level 14.0(19.0) Ranged Weapons
 - Level 5.1(10.1) Armour
 - Level 6.0(11.0) Dodging
 - Level 1.5(6.5) Stealth
 - Level 10.1 Invocations


You had 12 spell levels left.
You didn't know any spells.
Your spell library was empty.

Inventory:

Hand Weapons
 Y - a +1 orcbow (weapon)
Armour
 a - +2 acid dragon scales (worn)
 c - a +2 robe of willpower
 d - a +1 helmet (worn)
 e - a +0 barding (worn)
 m - a scarf of repulsion (worn)
 n - the +0 pair of gloves of Melancholy (worn) {Slay+3}
   (You found it on level 1 of the Lair of Beasts)

   Slay:      It affects your accuracy & damage with ranged weapons and melee
   (+3).
Jewellery
 f - a ring of ice
 k - a +6 ring of dexterity (left hand)
Scrolls
 h - 5 scrolls of identify
 l - a scroll of acquirement {unknown}
Potions
 b - 2 potions of mutation
 i - 2 potions of might
 j - 6 potions of curing
 o - 3 potions of haste
 r - a potion of cancellation

Dungeon Overview and Level Annotations

Branches:
Dungeon (8/15)             Temple (1/1) D:6            Lair (3/5) D:8
 Shoals (0/4) Lair:3       Spider (0/4) Lair:3      Ossuary (visited)

Altars:
Dithmenos
Fedhas
Gozag
Hepliaklqana
Kikubaaqudgha
Makhleb
Okawaru
Qazlal
Ru
Uskayaw
Vehumet
Wu Jian
Xom
Yredelemnul
Zin
The Shining One

Annotations:
D:7 3 runed translucent doors, qw's ghost, novice GrHu
D:8 exclusion: moth of wrath


Message History

The death yak gores you but does no damage.
The death yak gores you. x2; The death yak misses you.
The death yak gores you but does no damage.
The death yak closely misses you.
You shoot an arrow.
The arrow hits the death yak but does no damage.
The death yak is almost dead.
The cane toad closely misses you.
You shoot an arrow.
The arrow hits the death yak but does no damage.
The death yak is almost dead.
The death yak gores you. The death yak closely misses you.
The death yak gores you!
The death yak gores you but does no damage.
The death yak gores you!
The death yak gores you but does no damage.
The cane toad stings you.
You shoot an arrow. The arrow hits the death yak!!
You kill the death yak!
Okawaru accepts your kill.
The death yak gores you but does no damage.
The death yak barely misses you.
The death yak gores you but does no damage.
The death yak barely misses you.
The death yak gores you but does no damage.
The cane toad completely misses you.
You shoot an arrow. The arrow hits the death yak!
The death yak is lightly wounded.
The death yak closely misses you.
The death yak gores you but does no damage.
The death yak closely misses you. The death yak completely misses you.
The death yak gores you.
You shoot an arrow.
The arrow hits the death yak but does no damage.
The death yak is lightly wounded.
The cane toad misses you.
You shoot an arrow. The arrow hits the death yak!!
The death yak is moderately wounded.
The cane toad stings you. The death yak gores you. The death yak gores you!!
You die...

...PP..#.#.....
...............
...............
...............
...............
...............
......YYY......
.....SY@.......
......Y%F......
...............
...............
...............
.PP............
..##...#.......
.# #... #.#####


You could see 5 death yaks, a cane toad and a water moccasin.

Vanquished Creatures
  A hydra (Lair:2)
  Harold (Lair:1)
  2 death yaks (Lair:5)
  2 skysharks
  Pikel (D:8)
  5 elephants
  3 black mambas
  Maggie (D:7)
  Psyche (D:8)
  7 cane toads
  7 komodo dragons
  2 polar bears
  8 blink frogs
  Prince Ribbit (D:8)
  2 dream sheep (Lair:3)
  13 yaks
  8 fire bats (Lair:1)
  3 wyverns
  2 fire elementals (Lair:1)
  4 basilisks
  3 steam dragons
  3 vampire mosquitoes (D:7)
  19 water moccasins
  6 black bears
  An ice beast (D:5)
  2 sky beasts (D:8)
  A centaur (D:6)
  An ogre (D:5)
  5 wolves
  3 lemures (D:8)
  A kobold brigand (D:8)
  Blork the orc (D:4)
  10 bullfrogs
  A gnoll sergeant (D:8)
  2 scorpions
  A howler monkey (D:5)
  4 electric eels
  2 jellies (D:6)
  A lava snake (Lair:1)
  4 centaur zombies (Ossuary)
  3 hounds
  6 orc priests
  9 iguanas
  A sleepcap (D:5)
  4 scorpion zombies (Ossuary)
  5 orc wizards
  Ijyb (D:5)
  3 ogre zombies (Ossuary)
  A mummy (Ossuary)
  6 adders
  8 gnolls
  A shadow imp (D:8)
  3 adder zombies (Ossuary)
  3 worms
  A dart slug (D:3)
  26 orcs
  7 ball pythons
  4 endoplasms
  3 giant cockroaches
  9 goblins
  8 hobgoblins
  11 jackals
  6 quokkas
  3 bats
  2 gnoll zombies (Ossuary)
  2 goblin zombies (Ossuary)
  2 hobgoblin zombies (Ossuary)
  6 kobolds
  4 orc zombies (Ossuary)
  3 rats
296 creatures vanquished.

Notes
Turn   | Place    | Note
-------+----------+-------------------------------------------
     0 | D:1      | qw the Naga Hunter began the quest for the Orb.
     0 | D:1      | Reached XP level 1. HP: 19/19 MP: 1/1
     0 | D:1      | 0 ||| qw: Version: 0.2-a-29-g511e9b1
     0 | D:1      | 0 ||| qw: Game counter: 5651
     0 | D:1      | 0 ||| qw: Always use a shield: true
     0 | D:1      | 0 ||| qw: God list: Okawaru
     0 | D:1      | 0 ||| qw: Allow faded altars: false
     0 | D:1      | 0 ||| qw: Do Orc after D:15 true
     0 | D:1      | 0 ||| qw: Do second Lair branch before Depths: true
     0 | D:1      | 0 ||| qw: Lair rune preference: random
     0 | D:1      | 0 ||| qw: Plans: Normal
     0 | D:1      | 0 ||| PLANNING D:1-11
    26 | D:1      | 26 ||| INVOKING Spit Poison.
   272 | D:1      | 272 ||| INVOKING Spit Poison.
   277 | D:1      | 277 ||| INVOKING Spit Poison.
   308 | D:1      | 308 ||| INVOKING Spit Poison.
   312 | D:1      | Reached skill level 4 in Ranged Weapons
   312 | D:1      | Reached XP level 2. HP: 26/26 MP: 2/2
   313 | D:1      | 313 ||| INVOKING Spit Poison.
   388 | D:1      | 388 ||| INVOKING Spit Poison.
   429 | D:1      | 429 ||| INVOKING Spit Poison.
   566 | D:1      | 566 ||| INVOKING Spit Poison.
   783 | D:1      | 783 ||| READING scroll labelled MIREMNOZYN.
   784 | D:1      | 784 ||| READING scroll labelled XYHIER BENU.
   785 | D:1      | 785 ||| DROPPING scroll of butterflies.
   899 | D:2      | 899 ||| INVOKING Spit Poison.
   902 | D:2      | 902 ||| INVOKING Spit Poison.
   963 | D:2      | 963 ||| INVOKING Spit Poison.
   977 | D:2      | Found a faded altar of an unknown god.
   978 | D:2      | 978 ||| INVOKING Spit Poison.
   981 | D:2      | 981 ||| INVOKING Spit Poison.
   982 | D:2      | Reached XP level 3. HP: 32/32 MP: 3/3
   988 | D:2      | 988 ||| INVOKING Spit Poison.
   991 | D:2      | 991 ||| INVOKING Spit Poison.
  1017 | D:2      | 1017 ||| INVOKING Spit Poison.
  1023 | D:2      | 1023 ||| INVOKING Spit Poison.
  1026 | D:2      | 1026 ||| INVOKING Spit Poison.
  1108 | D:2      | 1108 ||| INVOKING Spit Poison.
  1110 | D:2      | Reached skill level 5 in Ranged Weapons
  1135 | D:2      | Reached XP level 4. HP: 39/39 MP: 4/4
  1182 | D:2      | 1182 ||| INVOKING Spit Poison.
  1308 | D:2      | 1308 ||| INVOKING Spit Poison.
  1470 | D:2      | 1470 ||| INVOKING Spit Poison.
  1475 | D:2      | 1475 ||| INVOKING Spit Poison.
  1533 | D:2      | 1533 ||| UPGRADING to +1 helmet.
  1538 | D:2      | 1538 ||| READING scroll labelled OLIAVVEI ROTS.
  1577 | D:3      | 1577 ||| INVOKING Spit Poison.
  1655 | D:3      | 1655 ||| INVOKING Spit Poison.
  1685 | D:3      | 1685 ||| INVOKING Spit Poison.
  1694 | D:3      | 1694 ||| INVOKING Spit Poison.
  1756 | D:3      | 1756 ||| INVOKING Spit Poison.
  1803 | D:3      | 1803 ||| INVOKING Spit Poison.
  1911 | D:3      | 1911 ||| INVOKING Spit Poison.
  1960 | D:3      | 1960 ||| INVOKING Spit Poison.
  2036 | D:3      | 2036 ||| INVOKING Spit Poison.
  2148 | D:3      | Found a sacrificial altar of Ru.
  2185 | D:3      | 2185 ||| UPGRADING to +0 barding.
  2190 | D:3      | 2190 ||| UPGRADING to +6 ring of dexterity.
  2191 | D:3      | 2191 ||| READING scroll labelled OCINTY OM JUG.
  2292 | D:3      | 2292 ||| READING scroll labelled GIAQON UZABEA.
  2293 | D:3      | 2293 ||| DRINKING 2 metallic silvery potions.
  2303 | D:3      | 2303 ||| DROPPING potion of ambrosia.
  2342 | D:4      | 2342 ||| INVOKING Spit Poison.
  2343 | D:4      | Reached skill level 1 in Armour
  2343 | D:4      | Reached XP level 5. HP: 30/48 MP: 5/5
  2347 | D:4      | 2347 ||| INVOKING Spit Poison.
  2351 | D:4      | Reached skill level 3 in Fighting
  2496 | D:4      | 2496 ||| INVOKING Spit Poison.
  2500 | D:4      | 2500 ||| INVOKING Spit Poison.
  2535 | D:4      | Noticed Blork the orc
  2536 | D:4      | 2536 ||| INVOKING Spit Poison.
  2540 | D:4      | Killed Blork the orc
  2541 | D:4      | Reached XP level 6. HP: 56/56 MP: 6/6
  2566 | D:4      | 2566 ||| INVOKING Spit Poison.
  2567 | D:4      | 2567 ||| INVOKING Spit Poison.
  2582 | D:4      | 2582 ||| INVOKING Spit Poison.
  2585 | D:4      | 2585 ||| INVOKING Spit Poison.
  2703 | D:4      | Noticed a water moccasin
  2723 | D:4      | Killed a water moccasin
  2724 | D:4      | Reached skill level 6 in Ranged Weapons
  2805 | D:4      | 2805 ||| INVOKING Spit Poison.
  2813 | D:4      | 2813 ||| INVOKING Spit Poison.
  2818 | D:4      | 2818 ||| INVOKING Spit Poison.
  3003 | D:4      | 3003 ||| INVOKING Spit Poison.
  3051 | D:4      | 3051 ||| INVOKING Spit Poison.
  3062 | D:4      | 3062 ||| INVOKING Spit Poison.
  3071 | D:4      | Noticed a black bear
  3071 | D:4      | You fall into a shaft and drop 1 floor!
  3071 | D:5      | Entered Level 5 of the Dungeon
  3072 | D:5      | 3072 ||| PLANNING OSSUARY
  3073 | D:5      | 3073 ||| INVOKING Spit Poison.
  3080 | D:5      | Reached XP level 7. HP: 63/64 MP: 7/7
  3087 | D:5      | 3087 ||| INVOKING Spit Poison.
  3095 | D:5      | 3095 ||| INVOKING Spit Poison.
  3101 | D:5      | 3101 ||| INVOKING Spit Poison.
  3108 | D:5      | 3108 ||| INVOKING Spit Poison.
  3166 | D:5      | 3166 ||| INVOKING Spit Poison.
  3341 | D:5      | 3341 ||| INVOKING Spit Poison.
  3348 | D:5      | 3348 ||| INVOKING Spit Poison.
  3349 | D:5      | Reached skill level 7 in Ranged Weapons
  3355 | D:5      | 3355 ||| INVOKING Spit Poison.
  3359 | D:5      | 3359 ||| INVOKING Spit Poison.
  3363 | D:5      | 3363 ||| INVOKING Spit Poison.
  3398 | D:5      | Reached XP level 8. HP: 70/72 MP: 8/8
  3441 | D:5      | Noticed Ijyb
  3442 | D:5      | 3442 ||| INVOKING Spit Poison.
  3446 | D:5      | 3446 ||| INVOKING Spit Poison.
  3446 | D:5      | Killed Ijyb
  3449 | D:5      | Found a sand-covered staircase.
  3451 | D:5      | 3451 ||| READING scroll labelled REASAJ BUNLE.
  3455 | D:5      | 3455 ||| INVOKING Spit Poison.
  3460 | D:5      | 3460 ||| INVOKING Spit Poison.
  3485 | D:5      | 3485 ||| READING scroll labelled TUNECS QUEG.
  3486 | D:5      | 3486 ||| DRINKING 2 coppery potions.
  3487 | D:5      | 3487 ||| DRINKING 2 grey potions.
  3488 | D:5      | 3488 ||| READING 2 scrolls of identify.
  3488 | D:5      | 3488 ||| IDENTIFYING fuming dark potion
  3489 | D:5      | 3489 ||| DROPPING potion of enlightenment.
  3492 | D:5      | 3492 ||| INVOKING Spit Poison.
  3496 | Ossuary  | Entered an ossuary
  3648 | Ossuary  | Reached skill level 3 in Dodging
  3679 | Ossuary  | Reached skill level 8 in Ranged Weapons
  3823 | Ossuary  | Noticed a silent spectre
  3858 | Ossuary  | 3858 ||| DRINKING 3 black potions.
  3880 | Ossuary  | 3880 ||| DRINKING 3 pink potions.
  3881 | Ossuary  | 3881 ||| DROPPING 2 potions of lignification.
  3887 | D:5      | 3887 ||| PLANNING D:1-11
  3887 | D:5      | 3887 ||| INVOKING Spit Poison.
  3888 | D:5      | 3888 ||| INVOKING Spit Poison.
  3891 | D:5      | 3891 ||| READING 4 scrolls of identify.
  3891 | D:5      | 3891 ||| IDENTIFYING fuming clear potion
  3892 | D:5      | 3892 ||| READING 3 scrolls of identify.
  3892 | D:5      | 3892 ||| IDENTIFYING sedimented clear potion
  3893 | D:5      | 3893 ||| READING 2 scrolls of identify.
  3893 | D:5      | 3893 ||| IDENTIFYING sedimented coppery potion
  3894 | D:5      | 3894 ||| DROPPING potion of brilliance.
  3895 | D:5      | 3895 ||| DROPPING potion of invisibility.
  3954 | D:4      | 3954 ||| INVOKING Spit Poison.
  3958 | D:4      | 3958 ||| INVOKING Spit Poison.
  3996 | D:4      | 3996 ||| INVOKING Spit Poison.
  4070 | D:4      | 4070 ||| INVOKING Spit Poison.
  4076 | D:4      | 4076 ||| INVOKING Spit Poison.
  4083 | D:4      | 4083 ||| INVOKING Spit Poison.
  4226 | D:4      | 4226 ||| READING scroll labelled EFUTADWEIM.
  4307 | D:5      | 4307 ||| INVOKING Spit Poison.
  4381 | D:5      | 4381 ||| INVOKING Spit Poison.
  4387 | D:5      | 4387 ||| INVOKING Spit Poison.
  4551 | D:6      | 4551 ||| INVOKING Spit Poison.
  4554 | D:6      | 4554 ||| INVOKING Spit Poison.
  4555 | D:6      | 4555 ||| FLEEEEING.
  4566 | D:6      | 4566 ||| INVOKING Spit Poison.
  4604 | D:6      | Found a staircase to the Ecumenical Temple.
  4605 | D:6      | 4605 ||| PLANNING TEMPLE
  4605 | D:6      | 4605 ||| DRINKING 2 blue potions.
  4606 | D:6      | 4606 ||| DROPPING potion of degeneration.
  4612 | Temple   | Entered the Ecumenical Temple
  4737 | Temple   | 4737 ||| PLANNING OKAWARU WORSHIP
  4833 | Temple   | Became a worshipper of Warmaster Okawaru
  4834 | Temple   | 4834 ||| PLANNING D:1-11
  4900 | D:6      | 4900 ||| INVOKING Spit Poison.
  5069 | D:6      | 5069 ||| UPGRADING to +0 orcbow.
  5070 | D:6      | 5070 ||| DROPPING +1 shortbow.
  5074 | D:6      | 5074 ||| INVOKING Spit Poison.
  5075 | D:6      | Reached skill level 9 in Ranged Weapons
  5085 | D:6      | 5085 ||| INVOKING Spit Poison.
  5106 | D:6      | 5106 ||| INVOKING Spit Poison.
  5113 | D:6      | 5113 ||| INVOKING Spit Poison.
  5164 | D:6      | 5164 ||| INVOKING Spit Poison.
  5168 | D:6      | Reached XP level 9. HP: 81/81 MP: 9/9
  5250 | D:6      | 5250 ||| INVOKING Spit Poison.
  5321 | D:6      | Reached * piety under Okawaru
  5337 | D:6      | 5337 ||| INVOKING Spit Poison.
  5389 | D:6      | 5389 ||| UPGRADING to scarf of repulsion.
  5394 | D:6      | 5394 ||| READING scroll labelled IWKESO BU FESA.
  5421 | D:7      | Noticed Maggie
  5422 | D:7      | 5422 ||| INVOKING Spit Poison.
  5427 | D:7      | 5427 ||| INVOKING Spit Poison.
  5429 | D:7      | 5429 ||| INVOKING Heroism.
  5434 | D:7      | 5434 ||| INVOKING Spit Poison.
  5437 | D:7      | Killed Maggie
  5438 | D:7      | Reached skill level 6 in Fighting
  5440 | D:7      | 5440 ||| INVOKING Spit Poison.
  5443 | D:7      | 5443 ||| STAIRDANCE
  5445 | D:6      | 5445 ||| INVOKING Heroism.
  5446 | D:6      | 5446 ||| INVOKING Spit Poison.
  5592 | D:7      | 5592 ||| INVOKING Spit Poison.
  5597 | D:7      | 5597 ||| INVOKING Spit Poison.
  5611 | D:7      | Reached skill level 1 in Invocations
  5611 | D:7      | 5611 ||| INVOKING Spit Poison.
  5621 | D:7      | 5621 ||| INVOKING Spit Poison.
  5749 | D:7      | 5749 ||| INVOKING Spit Poison.
  5764 | D:7      | 5764 ||| READING scroll of enchant weapon.
  5764 | D:7      | 5764 ||| ENCHANTING +0 orcbow.
  5780 | D:7      | 5780 ||| INVOKING Heroism.
  5781 | D:7      | 5781 ||| INVOKING Spit Poison.
  5813 | D:7      | 5813 ||| INVOKING Spit Poison.
  5814 | D:7      | 5814 ||| Stepping ~*~*~tactically~*~*~ (cloud).
  5819 | D:7      | 5819 ||| INVOKING Spit Poison.
  5901 | D:7      | 5901 ||| INVOKING Spit Poison.
  5916 | D:7      | Reached skill level 3 in Invocations
  5916 | D:7      | 5916 ||| INVOKING Spit Poison.
  5919 | D:7      | 5919 ||| INVOKING Heroism.
  5923 | D:7      | 5923 ||| INVOKING Spit Poison.
  5927 | D:7      | 5927 ||| INVOKING Spit Poison.
  6199 | D:7      | Found a runed translucent gate.
  6200 | D:7      | Found a runed translucent gate.
  6201 | D:7      | Found a runed translucent gate.
  6201 | D:7      | Noticed qw's ghost (novice GrHu)
  6202 | D:7      | Noticed a kobold demonologist
  6288 | D:7      | 6288 ||| INVOKING Spit Poison.
  6291 | D:7      | 6291 ||| INVOKING Spit Poison.
  6474 | D:7      | 6474 ||| UPGRADING to +2 acid dragon scales.
  6484 | D:7      | 6484 ||| DROPPING +0 leather armour.
  6485 | D:7      | 6485 ||| READING scroll labelled HYEB KAINYETH.
  6486 | D:7      | 6486 ||| READING 4 scrolls of identify.
  6486 | D:7      | 6486 ||| IDENTIFYING brown potion
  6516 | D:8      | 6516 ||| STAIRDANCE
  6610 | D:8      | Noticed Psyche
  6611 | D:8      | 6611 ||| INVOKING Heroism.
  6614 | D:8      | Killed Psyche
  6615 | D:8      | Reached XP level 10. HP: 92/92 MP: 9/13
  6675 | D:8      | 6675 ||| INVOKING Spit Poison.
  6682 | D:8      | 6682 ||| INVOKING Spit Poison.
  6685 | D:8      | Noticed Pikel
  6688 | D:8      | 6688 ||| INVOKING Spit Poison.
  6692 | D:8      | 6692 ||| INVOKING Heroism.
  6693 | D:8      | 6693 ||| INVOKING Spit Poison.
  6699 | D:8      | 6699 ||| INVOKING Spit Poison.
  6699 | D:8      | HP: 22/92 [Pikel/+1 whip of electrocution (20)]
  6700 | D:8      | 6700 ||| READING 2 scrolls of teleportation.
  6701 | D:8      | 6701 ||| DRINKING 4 potions of heal wounds.
  6710 | D:8      | 6710 ||| INVOKING Spit Poison.
  6714 | D:8      | Killed Pikel
  6714 | D:8      | Reached ** piety under Okawaru
  6723 | D:8      | 6723 ||| INVOKING Heroism.
  6726 | D:8      | 6726 ||| INVOKING Spit Poison.
  6891 | D:8      | 6891 ||| INVOKING Heroism.
  6892 | D:8      | 6892 ||| INVOKING Spit Poison.
  7069 | D:8      | 7069 ||| INVOKING Spit Poison.
  7072 | D:8      | 7072 ||| INVOKING Spit Poison.
  7076 | D:8      | 7076 ||| INVOKING Spit Poison.
  7078 | D:8      | Reached skill level 10 in Ranged Weapons
  7081 | D:8      | 7081 ||| INVOKING Spit Poison.
  7088 | D:8      | 7088 ||| INVOKING Spit Poison.
  7091 | D:8      | 7091 ||| INVOKING Spit Poison.
  7125 | D:8      | 7125 ||| INVOKING Spit Poison.
  7130 | D:8      | 7130 ||| INVOKING Spit Poison.
  7247 | D:8      | Found a staircase to the Lair.
  7306 | D:8      | Noticed Prince Ribbit
  7307 | D:8      | 7307 ||| INVOKING Spit Poison.
  7313 | D:8      | 7313 ||| INVOKING Spit Poison.
  7316 | D:8      | Killed Prince Ribbit
  7327 | D:8      | 7327 ||| INVOKING Spit Poison.
  7328 | D:8      | 7328 ||| Stepping ~*~*~tactically~*~*~ (outnumbered).
  7332 | D:8      | 7332 ||| INVOKING Spit Poison.
  7342 | D:8      | 7342 ||| INVOKING Spit Poison.
  7345 | D:8      | 7345 ||| INVOKING Spit Poison.
  7420 | D:8      | 7420 ||| INVOKING Spit Poison.
  7598 | D:8      | 7598 ||| INVOKING Spit Poison.
  7650 | D:8      | 7650 ||| INVOKING Spit Poison.
  7653 | D:8      | 7653 ||| INVOKING Heroism.
  7657 | D:8      | 7657 ||| INVOKING Spit Poison.
  7771 | D:8      | Noticed a moth of wrath
  8071 | D:8      | 8071 ||| INVOKING Spit Poison.
  8132 | D:8      | 8132 ||| PLANNING LAIR
  8176 | Lair:1   | Entered Level 1 of the Lair of Beasts
  8214 | Lair:1   | 8214 ||| INVOKING Spit Poison.
  8217 | Lair:1   | Reached skill level 11 in Ranged Weapons
  8220 | Lair:1   | 8220 ||| INVOKING Spit Poison.
  8258 | Lair:1   | 8258 ||| INVOKING Heroism.
  8259 | Lair:1   | 8259 ||| INVOKING Spit Poison.
  8347 | Lair:1   | 8347 ||| INVOKING Spit Poison.
  8354 | Lair:1   | 8354 ||| INVOKING Spit Poison.
  8439 | Lair:1   | 8439 ||| INVOKING Spit Poison.
  8444 | Lair:1   | 8444 ||| INVOKING Spit Poison.
  8449 | Lair:1   | 8449 ||| INVOKING Heroism.
  8452 | Lair:1   | 8452 ||| INVOKING Spit Poison.
  8453 | Lair:1   | Reached XP level 11. HP: 63/103 MP: 11/14
  8454 | Lair:1   | Reached *** piety under Okawaru
  8572 | Lair:1   | 8572 ||| INVOKING Heroism.
  8631 | Lair:1   | Identified the +0 pair of gloves of Melancholy {Slay+3}
  8640 | Lair:1   | 8640 ||| INVOKING Spit Poison.
  8665 | Lair:1   | 8665 ||| INVOKING Spit Poison.
  8674 | Lair:1   | 8674 ||| INVOKING Spit Poison.
  8680 | Lair:1   | 8680 ||| INVOKING Spit Poison.
  8685 | Lair:1   | 8685 ||| INVOKING Spit Poison.
  8706 | Lair:1   | Noticed Harold
  8706 | Lair:1   | 8706 ||| INVOKING Heroism.
  8708 | Lair:1   | 8708 ||| INVOKING Spit Poison.
  8716 | Lair:1   | 8716 ||| INVOKING Spit Poison.
  8717 | Lair:1   | Killed Harold
  8718 | Lair:1   | Reached skill level 12 in Ranged Weapons
  8766 | Lair:1   | 8766 ||| INVOKING Spit Poison.
  8771 | Lair:1   | 8771 ||| INVOKING Spit Poison.
  8820 | Lair:1   | 8820 ||| INVOKING Spit Poison.
  8836 | Lair:1   | 8836 ||| INVOKING Spit Poison.
  8842 | Lair:1   | 8842 ||| INVOKING Spit Poison.
  8932 | Lair:1   | 8932 ||| INVOKING Heroism.
  9051 | Lair:1   | 9051 ||| INVOKING Spit Poison.
  9055 | Lair:1   | Reached **** piety under Okawaru
  9069 | Lair:1   | 9069 ||| INVOKING Heroism.
  9285 | Lair:1   | 9285 ||| INVOKING Heroism.
  9286 | Lair:1   | 9286 ||| INVOKING Spit Poison.
  9295 | Lair:1   | 9295 ||| INVOKING Spit Poison.
  9299 | Lair:1   | 9299 ||| INVOKING Spit Poison.
  9306 | Lair:1   | 9306 ||| INVOKING Spit Poison.
  9337 | Lair:1   | Identified the +0 storm dragon scales of Xom's Reproof
                  | {rElec rF++ Regen+ rCorr Dex-5}
  9437 | Lair:1   | 9437 ||| UPGRADING to +0 pair of gloves of Melancholy
                  | {Slay+3}.
  9462 | Lair:2   | 9462 ||| INVOKING Heroism.
  9472 | Lair:2   | 9472 ||| INVOKING Spit Poison.
  9480 | Lair:2   | 9480 ||| INVOKING Heroism.
  9481 | Lair:2   | 9481 ||| INVOKING Spit Poison.
  9485 | Lair:2   | 9485 ||| INVOKING Spit Poison.
  9514 | Lair:2   | 9514 ||| INVOKING Spit Poison.
  9548 | Lair:2   | 9548 ||| INVOKING Heroism.
  9549 | Lair:2   | 9549 ||| INVOKING Spit Poison.
  9552 | Lair:2   | Reached skill level 13 in Ranged Weapons
  9558 | Lair:2   | 9558 ||| INVOKING Spit Poison.
  9728 | Lair:2   | Noticed an eight-headed hydra
  9729 | Lair:2   | 9729 ||| INVOKING Heroism.
  9730 | Lair:2   | 9730 ||| INVOKING Spit Poison.
  9739 | Lair:2   | 9739 ||| INVOKING Spit Poison.
  9743 | Lair:2   | Killed an eight-headed hydra
  9745 | Lair:2   | HP: 21/104 [cane toad (9)]
  9746 | Lair:2   | 9746 ||| READING 2 scrolls of teleportation.
  9747 | Lair:2   | 9747 ||| DRINKING 4 potions of heal wounds.
  9968 | Lair:2   | 9968 ||| INVOKING Spit Poison.
  9970 | Lair:2   | Reached skill level 9 in Fighting
  9988 | Lair:2   | Reached skill level 6 in Invocations
 10022 | Lair:2   | 10022 ||| INVOKING Spit Poison.
 10092 | Lair:2   | Reached XP level 12. HP: 114/114 MP: 16/16
 10355 | Lair:2   | 10355 ||| INVOKING Heroism.
 10419 | Lair:2   | 10419 ||| INVOKING Heroism.
 10615 | Lair:2   | 10615 ||| INVOKING Heroism.
 10649 | Lair:2   | Reached skill level 6 in Dodging
 10763 | Lair:2   | Noticed a skyshark
 10770 | Lair:2   | 10770 ||| INVOKING Heroism.
 10781 | Lair:2   | HP: 26/114 [skyshark (6)]
 10782 | Lair:2   | 10782 ||| READING scroll of teleportation.
 10783 | Lair:2   | 10783 ||| DRINKING 3 potions of heal wounds.
 10784 | Lair:2   | 10784 ||| DRINKING 2 potions of heal wounds.
 10843 | Lair:2   | 10843 ||| INVOKING Heroism.
 11173 | Lair:2   | 11173 ||| INVOKING Heroism.
 11175 | Lair:2   | Killed a skyshark
 11265 | Lair:2   | 11265 ||| INVOKING Heroism.
 11440 | Lair:2   | 11440 ||| INVOKING Heroism.
 11564 | Lair:2   | 11564 ||| DROPPING scarf of shadows.
 11565 | Lair:2   | 11565 ||| READING scroll labelled PODIZI QO BOEC.
 11566 | Lair:2   | 11566 ||| DRINKING 2 red potions.
 11628 | Lair:2   | 11628 ||| INVOKING Heroism.
 11655 | Lair:3   | Noticed a skyshark
 11661 | Lair:3   | Killed a skyshark
 11678 | Lair:3   | 11678 ||| INVOKING Heroism.
 11809 | Lair:3   | Found a hole to the Spider Nest.
 11947 | Lair:3   | 11947 ||| READING scroll labelled SOUPOQOSUE.
 11953 | Lair:3   | 11953 ||| FLEEEEING.
 11959 | Lair:3   | 11959 ||| FLEEEEING.
 11960 | Lair:3   | 11960 ||| FLEEEEING.
 11961 | Lair:3   | 11961 ||| FLEEEEING.
 12060 | Lair:3   | 12060 ||| Stepping ~*~*~tactically~*~*~ (outnumbered).
 12073 | Lair:3   | Reached skill level 9 in Invocations
 12090 | Lair:3   | 12090 ||| INVOKING Heroism.
 12251 | Lair:3   | 12251 ||| INVOKING Heroism.
 12311 | Lair:3   | Reached skill level 14 in Ranged Weapons
 12315 | Lair:3   | Gained mutation: You can use your snake-like lower body to
                  | constrict enemies. [Naga growth]
 12315 | Lair:3   | Reached XP level 13. HP: 103/121 MP: 20/20
 12315 | Lair:3   | 12315 ||| INVOKING Heroism.
 12462 | Lair:3   | Found a staircase to the Shoals.
 12545 | Lair:3   | You fall into a shaft and drop 2 floors!
 12545 | Lair:5   | Entered Level 5 of the Lair of Beasts
 12546 | Lair:5   | 12546 ||| INVOKING Heroism.
 12566 | Lair:5   | HP: 30/121 [death yak (12)]
 12567 | Lair:5   | 12567 ||| DRINKING potion of heal wounds.
 12569 | Lair:5   | HP: 12/121 [death yak (15)]
 12573 | Lair:5   | HP: 5/122 [cane toad (3)]
 12573 | Lair:5   | Demolished by a death yak

Levels and vault maps discovered:
D:1:      dpeg_arrival_shelter, layout_basic
D:2:      layout_loops_ring, shapermc_ecumenical_altar_starsandcircs,
          minmay_tromino_v2
D:3:      layout_loops_ring, nicolae_ru_path_of_blood
D:4:      layout_loops_ring, hangedman_decor_peaks_small, uniq_blork_the_orc
D:5:      layout_cave_pools, enter_ossuary_3, uniq_ijyb
D:6:      layout_basic, minmay_temple_entry_butterflies
D:7:      cheibrodos_quashed, layout_cave_pods, gammafunk_ghost_nasty_kobolds,
          uniq_maggie
D:8:      layout_layer_cave, tgw_trog, david_lair_generic, enter_bailey_5,
          uniq_pikel, uniq_psyche, uniq_gastronok, uniq_prince_ribbit1
Temple:   regret_index_temple_generic_petals
Lair:1:   layout_gridlike, gammafunk_lair_bear_cave, uniq_harold
Lair:2:   nzn_winding_woodlands_stair_trap [nzn_winding_woodlands_5x15_twine,
          nzn_winding_woodlands_5x15_cabin, nzn_winding_woodlands_5x15_parted,
          nzn_winding_woodlands_15x15_killbox,
          nzn_winding_woodlands_5x15_sidewinder,
          nzn_winding_woodlands_5x15_zeroes,
          nzn_winding_woodlands_5x15_concentric], layout_chaotic_city,
          minmay_stone_trees_small
Lair:3:   layout_roguey, elwin_shoals_entry_rocks, dummy_spider_entry,
          wad_woods_river_01, serial_bayou_shore_a, serial_bayou_shore_b
Lair:5:   evil_forest, layout_hall_layers, grunt_megastairs_1,
          serial_bayou_shore_b

Skill      XL: |  1  2  3  4  5  6  7  8  9 10 11 12 13 |
---------------+----------------------------------------+-----
Ranged Weapons | 4 5 6 7 9 11 13 14 | 14.0
Armour         | 1 2 4 5 |  5.1
Fighting       | 3 4 5 6 7 9 |  9.7
Dodging        | 2 3 4 5 6 |  6.0
Invocations    | 4 6 9 10 | 10.1
Stealth        | |  1.5

Action                     |  1- 3 |  4- 6 |  7- 9 | 10-12 | 13-15 || total
---------------------------+-------+-------+-------+-------+-------++-------
   Fire: Shortbow          |    41 |   117 |   231 |       |       ||   389
         Orcbow            |       |       |   112 |   642 |    43 ||   797
 Invoke: Heroism           |       |       |     5 |    27 |     2 ||    34
Ability: Spit Poison       |    19 |    28 |    55 |    62 |       ||   164
    Use: Scroll            |     2 |     3 |    11 |     5 |       ||    21
         Potion            |       |     1 |     5 |     5 |     1 ||    12
 Armour: Leather armour    |     4 |    25 |   130 |       |       ||   159
         Acid dragon scale |       |       |     2 |   235 |    30 ||   267
  Dodge: Dodged            |     9 |    26 |   139 |   316 |    38 ||   528
         Repelled          |       |       |       |     2 |       ||     2

Table legend:
 A = Non-vault XP
 B = Vault XP
 C = Vault XP percentage of total XP
 D = Non-vault monster count
 E = Vault monster count
 F = Vault count percentage of total count
                 A         B        C        D         E       F
            +---------+---------+-------+---------+---------+-------
      Total |   20128 |   14387 |  41.7 |     213 |      80 |  27.3
            +---------+---------+-------+---------+---------+-------
        D:1 |      20 |       0 |   0.0 |      11 |       0 |   0.0
        D:2 |      68 |       4 |   5.6 |      18 |       2 |  10.0
        D:3 |      40 |       0 |   0.0 |      14 |       0 |   0.0
        D:4 |     500 |      99 |  16.5 |      23 |       1 |   4.2
        D:5 |     679 |      33 |   4.6 |      24 |       1 |   4.0
        D:6 |     646 |       0 |   0.0 |      17 |       0 |   0.0
        D:7 |    1321 |     409 |  23.6 |      24 |       1 |   4.0
        D:8 |    1166 |    2062 |  63.9 |      16 |      11 |  40.7
     Lair:1 |    5590 |    1341 |  19.3 |      31 |       4 |  11.4
     Lair:2 |    2110 |    8705 |  80.5 |      10 |      30 |  75.0
     Lair:3 |    6356 |    1283 |  16.8 |      23 |       5 |  17.9
     Lair:5 |    1632 |       0 |   0.0 |       2 |       0 |   0.0
    Ossuary |       0 |     451 | 100.0 |       0 |      25 | 100.0
            +---------+---------+-------+---------+---------+-------
